 Dungeon Crawl Stone Soup version 0.20.1-1-g8b1a95d (webtiles) character file.

4811 spiff the Grappler (level 10, -13/96 HPs)
             Began as a Troll Hunter on July 17, 2017.
             Mangled by an orc knight
             ... wielding a +0 glaive
              (26 damage)
             ... in a bailey.
             The game lasted 00:22:53 (6659 turns).

spiff the Grappler (Troll Hunter)                   Turns: 6659, Time: 00:22:54

Health: -13/96     AC:  7    Str: 27    XL:     10   Next: 24%
Magic:  9/9        EV: 12    Int:  8    God:
Gold:   497        SH: 10    Dex: 16    Spells: 8/9 levels left

rFire    . . .     SeeInvis +     - Unarmed
rCold    + . .     Gourm    +   L - +0 shield (curse)
rNeg     . . .     Faith    .   b - +1 robe
rPois    +         Spirit   .   y - +0 hat
rElec    .         Reflect  .   (no cloak)
rCorr    .         Harm     .   (gloves unavailable)
MR       .....                  (boots unavailable)
Stlth    ++........             (no amulet)
Regen    0.7/turn               A - ring "Jagh" {rPois rC+ Dex+4 SInv}
MPRegen  0.2/turn               z - +1 ring of protection

@: mighty, berserk cooldown, slowed, very slow
A: unfitting armour, claws 3, fast metabolism 3, gourmand, regeneration 1,
shaggy fur 1, tough skin 2
a: no special abilities


You were in a bailey.
You were very full.

You visited 1 branch of the dungeon, and saw 9 of its levels.
You also visited: Bailey.

You collected 497 gold pieces.

Inventory:

Hand Weapons
 a - a +0 blowgun
Missiles
 c - 3 large rocks (quivered)
 d - 3 throwing nets
 e - 33 poisoned needles
 j - 7 needles of sleeping
 n - 18 tomahawks
Armour
 b - a +1 robe (worn)
 y - a +0 hat (worn)
 L - a cursed +0 shield (worn)
Jewellery
 z - a +1 ring of protection (right claw)
 A - the ring "Jagh" (left claw) {rPois rC+ Dex+4 SInv}
   (You found it on level 5 of the Dungeon)

   [ring of see invisible]

   It affects your dexterity (+4).
   It protects you from cold.
   It protects you from poison.
   It lets you see invisible.
 B - a +3 ring of dexterity
Wands
 h - a wand of flame (21/48)
 v - a wand of digging (8/24)
 G - a wand of confusion (21/48)
 H - a wand of disintegration (10/24)
 K - a wand of digging (17/24)
 N - a wand of confusion (29/48)
Scrolls
 m - a scroll of recharging
 o - 2 scrolls of remove curse
 r - 2 scrolls of teleportation
 u - 7 scrolls of enchant armour
 x - a scroll of magic mapping {unknown}
 C - 5 scrolls of enchant weapon {unknown}
 D - a scroll of fear {unknown}
 I - a scroll of fog {unknown}
 M - a scroll of torment {unknown}
 O - 3 scrolls of identify
Potions
 g - 3 potions of might
 i - a potion of ambrosia
 k - 6 potions of curing
 q - a potion of berserk rage
 s - 2 potions of invisibility
 t - 4 potions of heal wounds
 E - 2 potions of lignification {unknown}
 F - a potion of magic {unknown}
 Q - a potion of experience {unknown}
Books
 w - a book of Necromancy

   Spells                             Type                      Level
   a - Pain                           Necromancy                   1
   b - Animate Skeleton               Necromancy                   1
   c - Vampiric Draining              Necromancy                   3
   d - Regeneration                   Charms/Necromancy            3
   e - Animate Dead                   Necromancy                   4
   f - Control Undead                 Necromancy                   4
Comestibles
 f - 9 bread rations
 l - 2 royal jellies
 p - 4 meat rations
 J - 8 fruits
 P - 8 chunks of flesh


   Skills:
 + Level 5.0 Fighting
 - Level 6.0 Throwing
 - Level 6.0 Dodging
 - Level 0.3 Stealth
 + Level 3.5 Shields
 - Level 10.0 Unarmed Combat


You had 8 spell levels left.
You knew the following spells:

 Your Spells              Type           Power        Failure   Level  Hunger
a - Animate Skeleton      Necr           N/A          80%         1    ##.....


Dungeon Overview and Level Annotations

Branches:
Dungeon (9/15)             Temple (0/1) D:6
   Lair: D:8-11         Orc: D:9-12

Altars:
Dithmenos
Elyvilon
Hepliaklqana
Okawaru
Trog
Vehumet
Xom
The Shining One

Annotations:
D:3 2 transporters


Innate Abilities, Weirdness & Mutations

You are too large for most types of armour.
You have claws for hands.
Your metabolism is lightning-fast.
You like to eat raw meat.
Your natural rate of healing is unusually fast.
You are covered in fur. (AC +1)
You have very tough skin. (AC +2)


Message History

You feel yourself slow down.
You see here a halberd.
Okay, then.
Evoke which item? (* to show all) (? for menu, Esc to quit)
Okay, then.
Throwing (i - inventory. (,) - cycle):
c - 5 large rocks (quivered)
Press: ? - help, Shift-Dir - straight line, f - orc knight
Aim: an orc knight, wielding a halberd and wearing a scale mail (severely wounded)
You throw a large rock. The large rock hits the orc knight.
The orc knight is severely wounded.
The orc knight hits you from afar with a halberd!
* * * LOW HITPOINT WARNING * * *
Throwing (i - inventory. (,) - cycle):
c - 4 large rocks (quivered)
Press: ? - help, Shift-Dir - straight line, f/p - orc knight
Aim: an orc knight, wielding a halberd and wearing a scale mail (severely wounded)
You throw a large rock. The large rock hits the orc knight!!
You kill the orc knight!
Your Fighting skill increases to level 5!
The orc knight hits you from afar with a glaive!!
You die...

############ #######
##.∩........## ##.....#
#............######.......
#.......)))..#....#.......
#∩......)))..))..))).).o.o
#.......)).o(#...)#.......
#........@.(.######.......
##.∩........## ##.....#
############ #######


You could see an orc knight.

Vanquished Creatures
  An orc knight (Bailey)
  Maurice (D:8)
  Sigmund (D:5)
  Eustachio (D:4)
  Grum (D:8)
  The ghost of Agrougrou the Chopper, an amateur DsMo (D:3)
  Menkaure (D:6)
  4 orc warriors (Bailey)
  An ice beast (D:4)
  7 ogres
  3 wolves (D:8)
  2 centaurs
  A big kobold (D:7)
  A gnoll sergeant (D:7)
  3 bullfrogs
  A scorpion (D:4)
  5 killer bees (D:8)
  3 crimson imps
  A quasit (D:6)
  A bullfrog zombie (D:9)
  2 hounds (D:7)
  5 jellies
  6 orc priests
  4 orc wizards
  3 bullfrog skeletons
  A centaur skeleton (D:5)
  2 iguanas
  6 worker ants
  A hound zombie (D:5)
  A worker ant zombie (D:6)
  10 gnolls
  9 adders
  A howler monkey skeleton (D:4)
  An ooze (D:1)
  2 adder skeletons (D:4)
  A worm (D:2)
  2 dart slugs (D:4)
  A leopard gecko (D:4)
  48 orcs
  6 bats
  A giant cockroach (D:1)
  6 goblins
  11 hobgoblins
  9 jackals
  3 quokkas
  A ball python (D:3)
  A frilled lizard (D:3)
  A jackal skeleton (D:5)
  11 kobolds
  2 leopard gecko skeletons (D:4)
  5 rats
203 creatures vanquished.

Notes
Turn   | Place    | Note
-------+----------+-------------------------------------------
     0 | D:1      | spiff the Troll Hunter began the quest for the Orb.
     0 | D:1      | Reached XP level 1. HP: 19/19 MP: 0/0
   155 | D:1      | Reached skill level 1 in Unarmed Combat
   227 | D:1      | Reached XP level 2. HP: 27/27 MP: 1/1
   272 | D:1      | Reached skill level 2 in Unarmed Combat
   606 | D:1      | Reached XP level 3. HP: 26/33 MP: 2/2
   730 | D:2      | Reached skill level 3 in Unarmed Combat
  1158 | D:3      | Found a hazy altar of Hepliaklqana.
  1161 | D:3      | Found a radiant altar of Vehumet.
  1198 | D:3      | Noticed Agrougrou's ghost (amateur DsMo)
  1303 | D:3      | Reached XP level 4. HP: 35/41 MP: 3/3
  1499 | D:3      | Found a transporter.
  1503 | D:3      | Noticed a kobold demonologist
  1520 | D:3      | Found a transporter.
  1664 | D:3      | Reached skill level 4 in Unarmed Combat
  1805 | D:3      | Reached XP level 5. HP: 48/48 MP: 4/4
  1976 | D:3      | Killed Agrougrou's ghost
  1976 | D:3      | Reached skill level 5 in Unarmed Combat
  1976 | D:3      | Reached XP level 6. HP: 47/55 MP: 5/5
  2100 | D:4      | Reached skill level 6 in Unarmed Combat
  2138 | D:4      | Noticed Eustachio
  2168 | D:4      | Killed Eustachio
  2168 | D:4      | Reached skill level 7 in Unarmed Combat
  2309 | D:4      | Reached XP level 7. HP: 45/62 MP: 6/6
  2406 | D:4      | Reached skill level 8 in Unarmed Combat
  2486 | D:4      | Found an iron altar of Okawaru.
  2643 | D:4      | Found a shadowy altar of Dithmenos.
  2662 | D:4      | Reached skill level 9 in Unarmed Combat
  2741 | D:4      | Reached XP level 8. HP: 57/70 MP: 7/7
  2815 | D:5      | Entered Level 5 of the Dungeon
  2842 | D:5      | Learned a level 1 spell: Animate Skeleton
  2946 | D:5      | Found a white marble altar of Elyvilon.
  3103 | D:5      | Got a slimy lead ring
  3104 | D:5      | Identified the ring "Jagh" {rPois rC+ Dex+4 SInv} (You found it on level 5 of the Dungeon)
  3113 | D:5      | Found a sparkling altar of Nemelex Xobeh.
  3115 | D:5      | Found a radiant altar of Vehumet.
  3115 | D:5      | Found a bloodstained altar of Trog.
  3117 | D:5      | Found a shimmering altar of Xom.
  3117 | D:5      | Found a glowing golden altar of the Shining One.
  3117 | D:5      | Found a bloodstained altar of Trog.
  3338 | D:5      | Reached skill level 10 in Unarmed Combat
  3434 | D:5      | Noticed Sigmund
  3451 | D:5      | Killed Sigmund
  3803 | D:6      | Reached skill level 5 in Throwing
  3899 | D:6      | Noticed Menkaure
  3907 | D:6      | Killed Menkaure
  3912 | D:6      | Reached XP level 9. HP: 61/76 MP: 8/8
  4094 | D:6      | Found a staircase to the Ecumenical Temple.
  4884 | D:7      | Reached skill level 5 in Dodging
  4898 | D:8      | Noticed Maurice
  4911 | D:8      | Killed Maurice
  5000 | D:8      | Reached skill level 1 in Shields
  5513 | D:8      | Noticed Grum
  5588 | D:8      | Killed Grum
  5751 | D:8      | Reached XP level 10. HP: 93/93 MP: 9/9
  6035 | D:9      | Found a flagged portal.
  6049 | Bailey   | Entered a bailey
  6613 | Bailey   | Noticed an orc knight
  6613 | Bailey   | Noticed an orc knight
  6659 | Bailey   | Killed an orc knight
  6659 | Bailey   | Reached skill level 5 in Fighting
  6659 | Bailey   | Mangled by an orc knight

Skill      XL: |  1  2  3  4  5  6  7  8  9 10 |
---------------+-------------------------------+-----
Unarmed Combat | 1 2 3 4 5 7 9 10 | 10.0
Throwing       | 5 6 |  6.0
Dodging        | 3 6 |  6.0
Fighting       | 4 5 |  5.0
Shields        | 2 3 |  3.5
Stealth        | |  0.3

Action                   |  1- 3 |  4- 6 |  7- 9 | 10-12 || total
-------------------------+-------+-------+-------+-------++-------
Melee: Unarmed           |   124 |    91 |   342 |    92 ||   649
       Punch             |     2 |     3 |     8 |       ||    13
Throw: Large rock        |       |       |       |     2 ||     2
Evoke: Wand              |       |       |     1 |       ||     1
  Use: Scroll            |     5 |       |     9 |       ||    14
       Potion            |       |       |     2 |     2 ||     4
 Stab: Sleeping          |     1 |       |     1 |       ||     2
       Distracted        |       |       |     1 |       ||     1
  Eat: Chunk             |    17 |    10 |    31 |     8 ||    66
Armor: Robe              |    52 |    22 |    77 |    14 ||   165
Dodge: Dodged            |    68 |    45 |   135 |    56 ||   304
Block: Shield            |       |       |    31 |    51 ||    82
